 Dungeon Crawl Stone Soup version 0.27-a0-836-gfc908b8576 (webtiles) character file.

Game seed: 16973189776285396269

77 Aviak the Ducker (level 4, -3/34 HPs)
             Began as a Djinni Gladiator on Mar 31, 2021.
             Slain by an ogre
             ... wielding a +0 giant spiked club
              (12 damage)
             ... on level 3 of the Dungeon.
             The game lasted 00:01:52 (2909 turns).

Aviak the Ducker (Djinni Gladiator)                 Turns: 2909, Time: 00:01:52

Health: -3/34      AC:  4    Str: 13    XL:     4   Next: 33%
Gold:   51         EV: 13    Int: 11    God:
                   SH:  0    Dex: 14

rFire    + + .     SeeInvis .   a - +0 long sword
rCold    x . .     Faith    .   (no shield)
rNeg     . . .     Spirit   .   b - +0 leather armour
rPois    ∞         Reflect  .   c - +0 helmet
rElec    .         Harm     .   (no cloak)
rCorr    .         Rampage  .   (no gloves)
Will     .....                  (boots unavailable)
Stlth    +.........             (no amulet)
HPRegen  0.11/turn              (no ring)
MPRegen  0.00/turn              (no ring)

@: flying, hasted, very quick
A: fire resistance 2, cold vulnerability 1, float, innate caster, hp casting,
extra vitality 1
a: no special abilities


You were on level 3 of the Dungeon.
You visited 1 branch of the dungeon, and saw 3 of its levels.

You collected 51 gold pieces.

Inventory:

Hand Weapons
 a - a +0 long sword (weapon)
Armour
 b - a +0 leather armour (worn)
 c - a +0 helmet (worn)
Scrolls
 g - a scroll of enchant armour {unknown}
 h - a scroll of identify {unknown}
Potions
 e - a potion of degeneration {unknown}
 f - a potion of haste
 i - 2 potions of ambrosia {unknown}


   Skills:
 + Level 2.7 Fighting
 + Level 3.2 Long Blades
 - Level 1.5 Throwing
 + Level 4.0 Dodging
 + Level 1.3 Spellcasting


You had 4 spell levels left.
You knew the following spells:

 Your Spells              Type           Power      Damage    Failure   Level
a - Corona                Hex            3%         N/A       24%         1
Your spell library was empty.

Dungeon Overview and Level Annotations

Branches:
Dungeon (3/15)

Altars:
Dithmenos
Okawaru

Annotations:
D:3 Jessica


Innate Abilities, Weirdness & Mutations

You are immune to poison.
Your flesh is very heat resistant. (rF++)
You are vulnerable to cold. (rC-)
You float through the air rather than walking.
You learn spells naturally, not from books.
Your magical power is your life essence.
You have superior vitality. (+4 HP)


Message History

The net rips apart, and the ogre comes free!
Throw: 2 throwing nets {!f}
Press: ? - help, Q - select action, (/) - cycle Shift-Dir - straight line, f/p - ogre
Aim: an ogre, wielding a +0 giant spiked club (moderately wounded, 74% to hit)
You throw a throwing net {!f}.
The throwing net {!f} closely misses the ogre.
The throwing net {!f} hits the hobgoblin.
The hobgoblin is caught in the net!
The hobgoblin struggles against the net.
Throw: throwing net {!f}
Press: ? - help, Q - select action, (/) - cycle Shift-Dir - straight line, f/p - ogre
Aim: an ogre, wielding a +0 giant spiked club (moderately wounded, 74% to hit)
You throw a throwing net {!f}.
The throwing net {!f} closely misses the ogre.
The throwing net {!f} hits the hobgoblin.
The ogre hits you with a +0 giant spiked club!
The hobgoblin struggles against the net.
You aren't carrying any items that you can evoke.
It was a potion of haste.
You feel yourself speed up.
f - a potion of haste;
g - a scroll labelled KORGHYTO VIMN The hobgoblin struggles against the net.
The ogre closely misses you.
You closely miss the ogre.
The ogre is moderately wounded.
The hobgoblin struggles against the net.
The ogre completely misses you.
You riposte.
You hit the ogre.
The ogre is moderately wounded.
You hit the ogre but do no damage.
The ogre is moderately wounded.
The hobgoblin struggles against the net.
The net rips apart, and the hobgoblin comes free!
You closely miss the ogre.
The ogre is moderately wounded.
The ogre hits you with a +0 giant spiked club!
* * * LOW HITPOINT WARNING * * *
Unknown command.
You hit the ogre.
The ogre is heavily wounded.
The ogre hits you with a +0 giant spiked club!
You die...

#.#.# #####.#.#
.....#.#
###..#.#### ..
#.....<...#
#...###.##..###.#
.....$........#
....##.#.#.#.# .
#@#.#.#.# #O#...#
# #g##### #S# #.#
... #.. ...


You could see an ogre, an adder and a hobgoblin.

Vanquished Creatures
  2 adders (D:2)
  A dart slug (D:1)
  3 ball pythons (D:1)
  6 endoplasms
  A giant cockroach (D:1)
  5 goblins
  7 hobgoblins
  7 jackals
  4 quokkas
  5 bats
  2 frilled lizards (D:1)
  3 kobolds (D:1)
  3 rats
49 creatures vanquished.

Notes
Turn   | Place    | Note
-------+----------+-------------------------------------------
     0 | D:1      | Aviak the Djinni Gladiator began the quest for the Orb.
     0 | D:1      | Reached XP level 1. HP: 18/18 MP: 0/0
   294 | D:1      | Reached XP level 2. HP: 18/23 MP: 0/0
   882 | D:1      | Reached XP level 3. HP: 23/29 MP: 0/0
   882 | D:1      | Learned a level 1 spell: Corona
  1361 | D:2      | Reached skill level 1 in Spellcasting
  1441 | D:2      | Found a shadowy altar of Dithmenos.
  2200 | D:2      | Reached XP level 4. HP: 34/34 MP: 0/0
  2350 | D:2      | Reached skill level 4 in Dodging
  2592 | D:2      | Found an iron altar of Okawaru.
  2732 | D:3      | Noticed Jessica
  2896 | D:3      | Noticed an ogre
  2909 | D:3      | Slain by an ogre

Illustrated notes

Levels and vault maps discovered:
D:1:      scummos_arrival_simple_fountains, layout_basic,
          chequers_serial_rivers_room_a
D:2:      layout_basic, grunt_dithmenos_smoke_and_mirrors, lemuel_crystal_altar
D:3:      kennysheep_slugbush, layout_basic, yredelemnul_altar_generic,
          grunt_decor_junction, trog_butcher_becter, uniq_jessica, uniq_ijyb

Skill      XL: |  1  2  3  4 |
---------------+-------------+-----
Long Blades    | 3 |  3.2
Spellcasting   | 1 |  1.3
Dodging        | 4 |  4.0
Fighting       | |  2.7
Throwing       | |  1.5

Action                   |  1- 3 |  4- 6 || total
-------------------------+-------+-------++-------
Melee: Long sword        |   105 |    26 ||   131
Throw: Throwing net      |       |     3 ||     3
  Use: Potion            |       |     1 ||     1
 Stab: Sleeping          |     4 |       ||     4
Armor: Leather armour    |    33 |     3 ||    36
Dodge: Dodged            |    92 |    24 ||   116
       Rpst.: Long sword |    29 |    10 ||    39

Table legend: (Time is in decaauts)
 A = Elapsed time spent in this place.
 B = Non-inter-level travel time spent in this place.
 C = Inter-level travel time spent in this place.
 D = Time resting spent in this place.
 E = Time spent auto-exploring this place.
 F = Levels seen in this place.
 G = Mean time per level.
                   A        B        C        D        E       F      G
               +--------+--------+--------+--------+--------+-----+--------+
         Total |   2941 |   2882 |     59 |    319 |   2241 |   3 |  980.3 |
       Dungeon |   2941 |   2882 |     59 |    319 |   2241 |   3 |  980.3 |
               +--------+--------+--------+--------+--------+-----+--------+

Top non-repeatable levels by time:
     D:2: 1603 daAuts
     D:1: 1313 daAuts
     D:3: 24 daAuts
